Description

Played in IEM Katowice against Innovation

Replay - gumiho v INnoVation: Game 1 - Kairos Junction LE

Build Order

Get SALT Encoding   

  14  0:17  Supply Depot  
  16  0:39  Barracks  
  16  0:45  Refinery  
  20  1:27  Orbital Command, Reaper  
  20  1:39  Command Center  
  20  1:48  Supply Depot  closing the wall
  22  1:59  Marine  Reaper scouts
  23  2:07  Factory  
  23  2:15  Refinery  
  24  2:21  Barracks Reactor  2:23 build bunker in Natural if there is no expansion in enemy base
  28  2:52  Orbital Command, Starport, Hellion  
  31  3:00  Marine x2  
  34  3:14  Factory Tech Lab  
  36  3:15  Marine x2  
  36  3:19  Supply Depot  
  39  3:31  Starport Tech Lab, Raven  taking Tech Lab from Factory
  40  3:36  Factory Tech Lab  
  40  3:38  Supply Depot  
  42  3:40  Marine x2  Instantly producing Marines
  46  3:59  Barracks Tech Lab  Taking Tech Lab from Factory
  46  4:01  Barracks  Build in left reactor by Barracks
  46  4:04  Barracks, Factory Reactor  build near factory
  49  4:10  Stimpack, Refinery  
  49  4:15  Engineering Bay  
  51  4:23  Starport Reactor  
  52  4:28  Supply Depot  
  54  4:41  Factory Tech Lab  Taking tech lab left by Starport
  55  4:45  Supply Depot  
  58  4:51  Refinery  
  61  4:52  Barracks Reactor, Siege Tank  Taking reactor left by Factory
  63  4:56  Supply Depot  
  73  5:12  Medivac x2  
  80  5:25  Siege Tank  
  80  5:31  Supply Depot  
  83  5:48  Supply Depot  
  85  5:49  Command Center  
  85  5:50  Action  Attack
Spawning Tool Build Advisor. Get it on Overwolf

Go to:

Details

  • Created by: rozyr
  • Published on: Mar 09, 2019
  • Modified on: Mar 09, 2019
  • Patch: 4.7.1
Show
View Real Time Build Order
Export as new Build Order

Comments (0)

There are no comments. Be the first!

Create an account to comment!